 Dungeon Crawl Stone Soup version 0.17.1-1-g73c8601 (webtiles) character file.

1626 Aokaililo the Grappler (level 8, -2/68 (70) HPs)
             Began as a Ghoul Monk on Jan 8, 2016.
             Was a Priest of Makhleb.
             Slain by an orc warrior
             ... wielding a +0 glaive
              (17 damage)
             ... on level 6 of the Dungeon.
             The game lasted 00:18:52 (5709 turns).

Aokaililo the Grappler (Ghoul Monk)                 Turns: 5709, Time: 00:18:53

HP:   -2/68 (70)    AC:  9    Str: 15    XL:     8   Next: 97%
MP:   10/10         EV:  8    Int:  5    God:    Makhleb [***...]
Gold: 333           SH:  0    Dex: 13    Spells: 0 memorised, 7 levels left

rFire  . . .     SeeInvis .       - Unarmed
rCold  + . .     Clarity  .     i - +0 chain mail
rNeg   + + +     SustAt   .     (no shield)
rPois  ∞         Gourm    .     (no helmet)
rElec  .         Spirit   .     (no cloak)
rCorr  .         Warding  .     (no gloves)
rMut   .         Stasis   .     (no boots)
MR     +....                    (no amulet)
Stlth  ..........               k - +3 ring of slaying
                                e - ring of protection from magic

@: rotting, somewhat resistant to hostile enchantments, extremely unstealthy
A: rotting body, claws 1, carnivore 3, cold resistance 1, negative energy
resistance 3, slow regeneration 1, torment resistance, unbreathing
a: Minor Destruction, Lesser Servant of Makhleb, Renounce Religion


You were on level 6 of the Dungeon.
You worshipped Makhleb.
Makhleb was most pleased with you.
You were not hungry.

You visited 1 branch of the dungeon, and saw 6 of its levels.

You collected 333 gold pieces.

Inventory:

Missiles
 c - a throwing net (quivered)
Armour
 a - a +0 robe
 i - a +0 chain mail (worn)
 w - the cursed +0 chain mail "Fyuraogg" {rF+ Dex+4, unknown}
   (You found it on level 6 of the Dungeon)

   It affects your dexterity (+4).
   It protects you from fire.
   It has a curse placed upon it.
Jewellery
 e - a ring of protection from magic (left claw)
 f - an uncursed ring of flight
 k - a +3 ring of slaying (right claw)
 v - an uncursed ring of protection from magic
 x - the cursed ring "Publiawn" {rC+ Str+2 Dex-3, unknown}
   (You found it on level 6 of the Dungeon)

   [ring of dexterity]

   It affects your strength (+2).
   It affects your dexterity (-3).
   It protects you from cold.
   It has a curse placed upon it.
Wands
 n - a wand of flame (0)
 z - a wand of frost (26)
Scrolls
 g - a scroll of enchant weapon
 m - a scroll of magic mapping
 p - a scroll of fog
 t - 2 scrolls of remove curse
Potions
 d - 2 potions of resistance
 j - a potion of might {unknown}
 l - a potion of agility {unknown}
 o - a potion of cancellation {unknown}
 q - 2 potions of brilliance
 s - 5 potions of curing
 u - a potion of flight {unknown}
Books
 y - a book of Minor Magic

   Spells                             Type                      Level
   a - Magic Dart                     Conjuration                  1
   b - Blink                          Translocation                2
   c - Call Imp                       Summoning                    2
   d - Repel Missiles                 Charms/Air                   2
   e - Slow                           Hexes                        2
   f - Conjure Flame                  Conjuration/Fire             3
   g - Mephitic Cloud                 Conjuration/Poison/Air       3
Comestibles
 b - a meat ration
 h - a royal jelly
 r - 2 beef jerkies
 A - 3 chunks of flesh


   Skills:
 + Level 5.9 Fighting
 + Level 3.9 Armour
 + Level 4.4 Dodging
 - Level 2.1 Stealth
 * Level 8.7 Unarmed Combat
 * Level 4.1 Invocations
 - Level 0.5 Evocations


You had 7 spell levels left.
You didn't know any spells.

Dungeon Overview and Level Annotations

Branches:
Dungeon (6/15)
 Temple: D:4-7

Altars:
Elyvilon
Gozag
Makhleb
Xom
Yredelemnul


Innate Abilities, Weirdness & Mutations

Your body is rotting away.
You thrive on raw meat.
You are immune to poison.
You have sharp fingernails.
You are carnivorous and can eat meat at any time.
Your flesh is cold resistant.
You are immune to negative energy.
You regenerate slowly when monsters are visible.
You are immune to unholy pain and torment.
You can survive without breathing.


Message History

The orc warrior hits you with a glaive!!
You closely miss the orc warrior.
The orc warrior is lightly wounded.
The orc wizard mumbles some strange words.
The orc wizard flickers and vanishes!
Deactivating autopickup; reactivate with Ctrl-A.
You scratch the orc warrior but do no damage.
The orc warrior is lightly wounded.
The orc warrior hits you with a glaive!
You claw the orc warrior!
The orc warrior is severely wounded.
The orc warrior hits you with a glaive!
You scratch the orc warrior.
The orc warrior is severely wounded.
You completely miss the orc warrior.
The orc warrior is severely wounded.
The orc warrior hits you with a glaive!
* * * LOW HITPOINT WARNING * * *
The orc warrior hits you from afar with a glaive!
You die...

..p.#.........#.#....##########..
..).'.........'..........(.......
....#.........##.#...###########.
.#####.......###.##.## ## .#
##.....## #.#### # .# ##...## #.#
.# ##'## #.# ## #.# #.# #.# #@#
##.# #.# ##..### #o#### #####
#..##... #F{..###...##
####.....##o..##.....## #########
...ooo#...#.......# ........#
.[.o.F'...')......# #########
......#...#...../.#
.....##...##.....##


You could see an orc warrior, a giant frog and an orc.

Vanquished Creatures
  Pikel (D:6)
  A black bear (D:6)
  2 ogres (D:4)
  Blork the orc (D:6)
  The ghost of Aviak the Changer, an amateur VSTm (D:3)
  2 scorpions
  A crimson imp (D:3)
  2 giant frog skeletons (D:4)
  Ijyb (D:4)
  2 iguanas
  2 orc priests
  Terence (D:3)
  6 worker ants
  A hound skeleton (D:4)
  7 adders
  8 gnolls
  2 oozes
  3 worms (D:2)
  2 adder skeletons
  11 orcs
  6 bats
  4 giant cockroaches
  7 hobgoblins
  13 jackals
  A ball python (D:5)
  A giant gecko (D:4)
  3 giant newts
  17 goblins
  7 kobolds
  2 quokkas (D:3)
  A quokka skeleton (D:4)
  9 rats
128 creatures vanquished.

Notes
Turn   | Place    | Note
--------------------------------------------------------------
     0 | D:1      | Aokaililo the Ghoul Monk began the quest for the Orb.
     0 | D:1      | Reached XP level 1. HP: 19/19 MP: 0/0
   159 | D:1      | Reached XP level 2. HP: 23/25 MP: 1/1
   669 | D:2      | Reached skill level 5 in Unarmed Combat
   700 | D:2      | Reached XP level 3. HP: 25/31 MP: 2/2
  1285 | D:2      | Found an opulent altar of Gozag.
  1368 | D:2      | Reached XP level 4. HP: 19/39 MP: 3/3
  2008 | D:3      | Reached XP level 5. HP: 39/46 MP: 4/4
  2052 | D:3      | Noticed Aviak's ghost (amateur VSTm)
  2492 | D:3      | Found a shimmering altar of Xom.
  2492 | D:3      | Found a burning altar of Makhleb.
  2555 | D:3      | Became a worshipper of Makhleb the Destroyer
  2555 | D:3      | Reached * piety under Makhleb
  2555 | D:3      | Reached ** piety under Makhleb
  2777 | D:3      | Noticed Terence
  2904 | D:3      | Killed Aviak's ghost
  2904 | D:3      | Reached skill level 1 in Armour
  2904 | D:3      | Reached XP level 6. HP: 51/53 MP: 5/5
  2942 | D:3      | Killed Terence
  2942 | D:3      | Reached skill level 1 in Invocations
  3260 | D:4      | Reached skill level 6 in Unarmed Combat
  3442 | D:4      | Found a white marble altar of Elyvilon.
  3500 | D:4      | Reached XP level 7. HP: 57/60 MP: 7/7
  3721 | D:4      | Reached *** piety under Makhleb
  3724 | D:4      | Reached skill level 5 in Fighting
  4058 | D:4      | Noticed Ijyb
  4067 | D:4      | Killed Ijyb
  4067 | D:4      | Reached skill level 7 in Unarmed Combat
  4247 | D:4      | Found a basalt altar of Yredelemnul.
  4552 | D:5      | Entered Level 5 of the Dungeon
  4780 | D:5      | Reached XP level 8. HP: 57/68 MP: 8/8
  5211 | D:6      | Got an ancient chain mail
  5476 | D:6      | Noticed Pikel
  5486 | D:6      | Killed Pikel
  5486 | D:6      | Reached skill level 8 in Unarmed Combat
  5651 | D:6      | Got a transparent ivory ring
  5653 | D:6      | Noticed Blork the orc
  5665 | D:6      | Killed Blork the orc
  5709 | D:6      | Slain by an orc warrior

Action                   |  1- 3 |  4- 6 |  7- 9 || total
-------------------------+-------+-------+-------++-------
Melee: Unarmed           |    68 |   170 |   196 ||   434
Invok: Minor Destruction |       |       |     4 ||     4
Evoke: Wand              |       |     4 |       ||     4
  Use: Scroll            |     7 |     3 |     6 ||    16
 Stab: Sleeping          |     4 |       |       ||     4
  Eat: Chunk             |     8 |    24 |     7 ||    39
